 Dungeon Crawl Stone Soup version 0.22.1-2-g9c5b331 (webtiles) character file.

107 VAZYLA the Charmwright (level 4, -9/34 HPs)
             Began as a Merfolk Skald on Dec 10, 2018.
             Mangled by an orc warrior
             ... wielding a +0 trident
              (16 damage)
             ... on level 3 of the Dungeon.
             The game lasted 00:10:52 (2278 turns).

VAZYLA the Charmwright (Merfolk Skald)              Turns: 2278, Time: 00:10:52

Health: -9/34      AC:  4    Str: 11    XL:     4   Next: 86%
Magic:  4/7        EV: 13    Int: 13    God:
Gold:   126        SH:  0    Dex: 13    Spells: 3/8 levels left

rFire    . . .     SeeInvis .   a - +0 spear
rCold    . . .     Gourm    .   (no shield)
rNeg     . . .     Faith    .   b - +1 leather armour
rPois    .         Spirit   .   (no helmet)
rElec    .         Reflect  .   (no cloak)
rCorr    .         Harm     .   (no gloves)
MR       .....                  (no boots)
Stlth    +.........             (no amulet)
HPRegen  0.11/turn              (no ring)
MPRegen  0.10/turn              (no ring)

@: infused, singing
A: change form in water, swift swim, stealthy swim
a: no special abilities


You were on level 3 of the Dungeon.
You were hungry.

You visited 1 branch of the dungeon, and saw 3 of its levels.

You collected 126 gold pieces.

Inventory:

Hand Weapons
 a - a +0 spear (weapon)
Missiles
 g - 147 stones (quivered)
Armour
 b - a +1 leather armour (worn)
Scrolls
 c - a scroll of magic mapping {unknown}
 j - a scroll of blinking {unknown}
Potions
 f - a potion of curing
 h - a potion of haste {unknown}
 i - a potion of heal wounds {unknown}
 k - a potion of flight {unknown}
Comestibles
 d - 2 rations


   Skills:
 + Level 2.8 Fighting
 + Level 3.9 Polearms
 - Level 0.6 Armour
 + Level 3.5 Dodging
 + Level 2.6 Spellcasting
 * Level 4.3 Charms


You had 3 spell levels left.
You knew the following spells:

 Your Spells              Type           Power        Failure   Level  Hunger
a - Infusion              Chrm           ##..         5%          1    #......
b - Song of Slaying       Chrm           ##......     9%          2    ###....
c - Shroud of Golubria    Chrm/Tloc      #.........   21%         2    ###....

Your spell library contained the following spells:

 Spells                   Type           Power        Failure   Level  Hunger
 Regeneration             Chrm/Necr      #.........   36%         3    ###....
 Spectral Weapon          Hex/Chrm       #.......     36%         3    ###....


Dungeon Overview and Level Annotations

Branches:
Dungeon (3/15)

Altars:
Makhleb


Message History

a short sword; an orc corpse You see here a leather armour.
An orc warrior comes into view. It is wielding a trident.
Casting: Infusion (safe; 5% risk of failure)
Confirm with . or Enter, or press ? or * to list all spells.
You begin infusing your attacks with magical energy.
Casting: Infusion (safe; 5% risk of failure)
Confirm with . or Enter, or press ? or * to list all spells.
You start singing a song of slaying.
The orc warrior hits you from afar with a trident!
Attack whom?
Press: ? - help, Dir - move target cursor, f - orc warrior
Aim: an orc warrior, wielding a trident and wearing a plate armour You reach to attack!
You closely miss the orc warrior.
The orc warrior hits you from afar with a trident!
The orc warrior hits you with a trident!
* * * LOW HITPOINT WARNING * * *
You are too injured to fight recklessly!
The orc warrior hits you from afar with a trident!
You die...

#.#########
.........#
#........#. ## #
##.........# #.#
#.#.........#.#
#.#
#.#.........##o#.#
##.#.........# #.#
.............# #@#
#......####### #.#
#..#.#.### #.#
#..#.....# #.#
.....#†#.#######.#
#..#.#)#.).[.....#
#...).<#.#.##.####
#......#.#.##.#
####†#.....##.#


You could see an orc warrior.

Vanquished Creatures
  A crimson imp (D:2)
  An adder (D:1)
  An ooze (D:3)
  2 worms (D:2)
  2 dart slugs
  A leopard gecko (D:2)
  An orc (D:3)
  7 bats
  6 giant cockroaches
  4 goblins
  3 hobgoblins
  9 jackals
  2 kobolds
  3 frilled lizards (D:2)
  4 rats
47 creatures vanquished.

Notes
Turn   | Place    | Note
-------+----------+-------------------------------------------
     0 | D:1      | VAZYLA the Merfolk Skald began the quest for the Orb.
     0 | D:1      | Reached XP level 1. HP: 16/16 MP: 3/3
   106 | D:1      | Reached XP level 2. HP: 17/23 MP: 1/5
   580 | D:1      | Learned a level 2 spell: Song of Slaying
   740 | D:1      | Reached XP level 3. HP: 22/28 MP: 6/6
  1394 | D:2      | Reached skill level 4 in Charms
  1606 | D:2      | Found a burning altar of Makhleb.
  1631 | D:2      | Reached XP level 4. HP: 22/34 MP: 7/7
  1739 | D:2      | Learned a level 2 spell: Shroud of Golubria
  2273 | D:3      | Noticed an orc warrior
  2278 | D:3      | Mangled by an orc warrior

Skill      XL: |  1  2  3 |
---------------+----------+-----
Dodging        | 3 |  3.5
Charms         | 4 |  4.3
Fighting       | |  2.8
Polearms       | |  3.9
Armour         | |  0.6
Spellcasting   | |  2.6

Action                   |  1- 3 |  4- 6 || total
-------------------------+-------+-------++-------
Melee: Spear             |   152 |    39 ||   191
 Cast: Infusion          |    16 |     3 ||    19
       Song of Slaying   |       |     1 ||     1
  Use: Potion            |     2 |       ||     2
       Scroll            |       |     3 ||     3
 Stab: Sleeping          |     2 |     2 ||     4
  Eat: Chunk             |     2 |     2 ||     4
Armor: Leather armour    |    34 |     3 ||    37
Dodge: Dodged            |    74 |    15 ||    89
